 Dungeon Crawl Stone Soup version 0.30.1-11-g7821555f0a (webtiles) character file.

Game seed: 6983636727672355129

12087 Marvel the Basher (level 11, -3/100 HPs)
             Began as a Minotaur Fighter on Dec 19, 2023.
             Was a High Priest of Okawaru.
             Slain by Fannar
             ... wielding a +0 quarterstaff of freezing
              (14 damage)
             ... on level 12 of the Dungeon.
             The game lasted 00:21:42 (11083 turns).

Marvel the Basher (Minotaur Fighter)               Turns: 11083, Time: 00:21:43

Health: -3/100     AC: 21    Str: 26    XL:     11   Next: 57%
Magic:  0/10       EV:  9    Int:  5    God:    Okawaru [*****.]
Gold:   752        SH:  6    Dex: 15    Spells: 10/10 levels left

rFire   . . .        V - +2 flail (drain)
rCold   . . .        c - +0 buckler
rNeg    . . .        M - +0 plate armour
rPois   .            (helmet restricted)
rElec   .            x - +0 cloak
rCorr   +            b - +2 pair of gloves
SInv    .            a - +0 pair of boots "Gapp" {rCorr}
Will    +....        u - amulet of guardian spirit Stlth
                     F - +6 ring of dexterity
HPRegen 0.36/turn    h - ring of willpower
MPRegen 0.12/turn

%: guardian spirit
@: mighty
A: horns 2, retaliatory headbutt
a: Renounce Religion, Heroism, Finesse, Duel


You were on level 12 of the Dungeon.
You worshipped Okawaru.
Okawaru was extremely pleased with you.
You visited 2 branches of the dungeon, and saw 13 of its levels.

You collected 752 gold pieces.

Inventory:

Hand Weapons
 I - a +0 flail of protection
 L - a +5 great sword of freezing
 V - a +2 flail of draining (weapon)
Missiles
 J - a throwing net
 O - 8 poisoned darts (quivered)
 S - 4 atropa-tipped darts
 W - 2 boomerangs
 Y - 2 javelins
Armour
 a - the +0 pair of boots "Gapp" (worn) {rCorr}
   (Okawaru gifted it to you on level 11 of the Dungeon)

   rCorr:     It protects you from acid and corrosion.
 b - a +2 pair of gloves (worn)
 c - a +0 buckler (worn)
 x - a +0 cloak (worn)
 M - a +0 plate armour (worn)
Jewellery
 h - a ring of willpower (right hand)
 i - a ring of magical power
 n - a ring of see invisible
 t - a ring of wizardry
 u - an amulet of guardian spirit (around neck)
 A - a ring of willpower
 C - the ring of Hiruemn {Fly rN+}
   (You found it on level 4 of the Dungeon)

   [ring of flight]

   rN:        It protects you from negative energy.
   Fly:       It grants you flight.
 F - a +6 ring of dexterity (left hand)
 T - an amulet of faith
 Z - a +5 ring of evasion
Wands
 r - a wand of digging (12)
 P - a wand of roots (8)
 U - a wand of quicksilver (5)
Scrolls
 g - 3 scrolls of fear {unknown}
 k - 2 scrolls of noise {unknown}
 l - 2 scrolls of immolation {unknown}
 o - 2 scrolls of fog {unknown}
 s - 5 scrolls of identify {unknown}
 v - 2 scrolls of amnesia {unknown}
 w - 4 scrolls of enchant armour {unknown}
 y - 4 scrolls of poison {unknown}
 B - 5 scrolls of teleportation {unknown}
 K - a scroll of vulnerability {unknown}
 N - a scroll of blinking {unknown}
 Q - a scroll of magic mapping {unknown}
 R - a scroll of torment {unknown}
Potions
 d - 4 potions of might
 e - 2 potions of cancellation {unknown}
 f - 8 potions of curing {unknown}
 j - 3 potions of ambrosia {unknown}
 m - 3 potions of heal wounds {unknown}
 p - 5 potions of attraction {unknown}
 z - 2 potions of brilliance
 D - 2 potions of flight {unknown}
 G - 3 potions of resistance {unknown}
 H - 5 potions of mutation {unknown}


   Skills:
 + Level 10.3 Fighting
 + Level 13.2 Maces & Flails
 + Level 4.4 Throwing
 + Level 11.5 Armour
 + Level 3.1 Dodging
 + Level 2.2 Stealth
 + Level 8.6 Shields
 + Level 0.3 Invocations


You had 10 spell levels left.
You didn't know any spells.
Your spell library contained the following spells:

 Spells                   Type           Power      Damage    Failure   Level
 Sandblast                Erth           0%         2d4       99%         1
 Blink                    Tloc           0%         N/A       100%        2
 Passwall                 Tmut/Erth      0%         N/A       100%        2
 Stone Arrow              Conj/Erth      0%         3d7       100%        3
 Vhi's Electric Charge    Tloc/Air       0%         N/A       100%        3
 Manifold Assault         Tloc           0%         N/A       100%        4
 Arcjolt                  Conj/Air       0%         1d10      100%        5
 Plasma Beam              Fire/Air       0%         2x1d11    100%        6
 Storm Form               Tmut/Air       0%         N/A       100%        7


Dungeon Overview and Level Annotations

Branches:
Dungeon (12/15)            Temple (1/1) D:4            Lair (0/5) D:10
    Orc (0/2) D:9

Altars:
Ashenzari
Cheibriados
Dithmenos
Elyvilon
Fedhas
Gozag
Hepliaklqana
Kikubaaqudgha
Makhleb
Nemelex Xobeh
Okawaru
Qazlal
Ru
Sif Muna
Trog
Uskayaw
Vehumet
Wu Jian
Xom
Yredelemnul
Zin
The Shining One

Shops:
D:2 =   D:5 *

Portals:
Trove: D:10 (give 12 potions of heal wounds)

Annotations:
D:12 Fannar


Innate Abilities, Weirdness & Mutations

You have a pair of horns on your head.
You reflexively headbutt those who attack you in melee.


Message History

Aim: Fannar, wielding a +0 quarterstaff of freezing, wearing a +1 robe of cold resistance and wearing a ring of ice (51% to hit)
You throw a poisoned dart. The poisoned dart barely misses Fannar.
Throw: 12 darts (poison)
Press: ? - help, Q - select action, (/) - cycle Shift-Dir - straight line, f/p - Fannar
Aim: Fannar, wielding a +0 quarterstaff of freezing, wearing a +1 robe of cold resistance and wearing a ring of ice (51% to hit)
You throw a poisoned dart. The poisoned dart hits Fannar!
Fannar is poisoned.
Throw: 11 darts (poison)
Press: ? - help, Q - select action, (/) - cycle Shift-Dir - straight line, f/p - Fannar
Aim: Fannar, wielding a +0 quarterstaff of freezing, wearing a +1 robe of cold resistance and wearing a ring of ice (very poisoned, 51% to hit)
You throw a poisoned dart. The poisoned dart hits Fannar.
Throw: 10 darts (poison)
Press: ? - help, Q - select action, (/) - cycle Shift-Dir - straight line, f/p - Fannar
Aim: Fannar, wielding a +0 quarterstaff of freezing, wearing a +1 robe of cold resistance and wearing a ring of ice (very poisoned, 51% to hit)
You throw a poisoned dart. The poisoned dart misses Fannar.
Throw: 9 darts (poison)
Press: ? - help, Q - select action, (/) - cycle Shift-Dir - straight line, f/p - Fannar
Aim: Fannar, wielding a +0 quarterstaff of freezing, wearing a +1 robe of cold resistance and wearing a ring of ice (lightly wounded, very poisoned, 51% to hit)
You throw a poisoned dart. The poisoned dart barely misses Fannar.
Fannar points at you and mumbles some strange words.
The bolt of cold hits you!! You block Fannar's attack.
You closely miss Fannar. Your headbutt misses Fannar.
Fannar is lightly wounded.
Fannar points at you and mumbles some strange words.
The bolt of cold hits you!!
You miss Fannar. Your headbutt misses Fannar.
Fannar is lightly wounded.
Fannar points at you and mumbles some strange words.
The bolt of cold hits you!!!
* * * LOW HITPOINT WARNING * * *
Okay, then.
You don't have enough magic at the moment.
Okay, then.
You feel very mighty all of a sudden.
Fannar gestures wildly while chanting.
You sock Fannar! You drain Fannar. Your headbutt misses Fannar.
Fannar is moderately wounded.
Fannar gestures wildly while chanting.
Fannar drains the heat from the surrounding environment!
You die...

#...##
#...########
##.........#
##........#
##.......######
##...........#
##.....##...#
#########...#
#(....e@....#
#(..((.##...#
#(...Y. #...#
....... #....#
....... #....#
..?.... #....#
....... #....#
###+### #####


You could see Fannar (poisoned, drained) and an ice beast (summoned).

Vanquished Creatures
  A rakshasa (D:10)
  A two-headed ogre (D:9)
  The ghost of Ijustatesigmund the Destroyer, a novice TeFE of Vehumet (D:10)
  A cyclops (D:11)
  A manticore (D:11)
  A komodo dragon (D:10)
  A troll (D:10)
  Grinder (D:3)
  2 hornets (D:9)
  Sigmund (D:2)
  A shadow (D:9)
  A wraith (D:9)
  A wyvern (D:9)
  22 yaks
  3 vampire mosquitoes (D:11)
  Grum (D:10)
  2 acid dragons (D:11)
  Duvessa (D:7)
  An ice beast (D:6)
  2 sky beasts
  3 black bears
  2 ogres
  2 wolves (D:10)
  8 centaurs
  2 kobold brigands
  4 bullfrogs
  3 scorpions
  3 wights (D:7)
  Dowan (D:7)
  7 killer bees (D:9)
  3 electric eels
  4 howler monkeys
  5 hounds (D:5)
  2 jellies
  5 orc priests
  Crazy Yiuf (D:2)
  A gnoll bouda (D:8)
  Terence (D:2)
  4 iguanas
  9 orc wizards
  7 gnolls
  9 adders
  A shadow imp (D:8)
  A white imp (D:8)
  2 worms (D:4)
  A dart slug (D:4)
  54 orcs
  4 bats
  10 endoplasms
  3 giant cockroaches
  7 goblins
  8 hobgoblins
  A jackal (D:1)
  2 quokkas
  9 ball pythons
  3 frilled lizards
  11 kobolds
  3 rats
252 creatures vanquished.

Notes
Turn   | Place    | Note
-------+----------+-------------------------------------------
     0 | D:1      | Marvel the Minotaur Fighter began the quest for the Orb.
     0 | D:1      | Reached XP level 1. HP: 19/19 MP: 0/0
   277 | D:1      | Reached XP level 2. HP: 13/27 MP: 1/1
   742 | D:2      | Noticed Sigmund
   754 | D:2      | Killed Sigmund
   755 | D:2      | Reached skill level 4 in Maces & Flails
   755 | D:2      | Reached skill level 5 in Armour
   755 | D:2      | Reached XP level 3. HP: 22/35 MP: 2/2
   755 | D:2      | Reached XP level 4. HP: 26/41 MP: 3/3
   755 | D:2      | Reached XP level 5. HP: 30/47 MP: 4/4
  1023 | D:2      | Noticed Terence
  1032 | D:2      | Killed Terence
  1198 | D:2      | Reached skill level 5 in Fighting
  1260 | D:2      | Identified the +4 mace of Qazlal {holy, rF- rN+++ Str+5
                  | Dex-5}
  1401 | D:2      | Found Mavul's Jewellery Emporium.
  1448 | D:2      | Found a runed translucent door.
  1449 | D:2      | Noticed Crazy Yiuf
  1613 | D:2      | Killed Crazy Yiuf
  1614 | D:2      | Reached XP level 6. HP: 56/56 MP: 5/5
  1996 | D:3      | Noticed Grinder
  2029 | D:3      | Paralysed by Grinder for 4 turns
  2036 | D:3      | Killed Grinder
  2037 | D:3      | Reached skill level 5 in Maces & Flails
  2037 | D:3      | Reached skill level 5 in Shields
  2037 | D:3      | Reached XP level 7. HP: 27/61 MP: 2/6
  2301 | D:4      | Reached skill level 1 in Dodging
  2412 | D:4      | Found a staircase to the Ecumenical Temple.
  2426 | Temple   | Entered the Ecumenical Temple
  2432 | Temple   | Became a worshipper of Warmaster Okawaru
  2484 | D:4      | Reached skill level 6 in Maces & Flails
  2977 | D:4      | Identified the ring of Hiruemn {Fly rN+}
  3107 | D:5      | Entered Level 5 of the Dungeon
  3464 | D:5      | Found Ommowyuc's Mayhem Merchandise.
  3506 | D:5      | You fall into a shaft and drop 2 floors!
  3525 | D:7      | Reached skill level 7 in Maces & Flails
  3578 | D:7      | Noticed a yak
  3579 | D:7      | Noticed a yak
  3595 | D:7      | Killed a yak
  3595 | D:7      | Reached * piety under Okawaru
  3596 | D:7      | Reached XP level 8. HP: 55/70 MP: 7/7
  3660 | D:7      | Reached skill level 1 in Throwing
  3684 | D:6      | Reached ** piety under Okawaru
  3695 | D:6      | Reached skill level 8 in Maces & Flails
  3976 | D:6      | Found a blossoming altar of Fedhas.
  4353 | D:6      | Reached XP level 9. HP: 71/78 MP: 8/8
  4772 | D:5      | Reached *** piety under Okawaru
  5467 | D:7      | Reached skill level 9 in Maces & Flails
  5606 | D:7      | Reached skill level 1 in Stealth
  5822 | D:7      | Found a white marble altar of Elyvilon.
  6080 | D:7      | Noticed Dowan
  6081 | D:7      | Noticed Duvessa
  6102 | D:7      | Killed Duvessa
  6400 | D:7      | Killed Dowan
  6898 | D:8      | Reached skill level 10 in Maces & Flails
  6911 | D:8      | Reached **** piety under Okawaru
  7016 | D:8      | Reached XP level 10. HP: 86/88 MP: 9/9
  7212 | D:8      | Found a sacrificial altar of Ru.
  7341 | D:8      | Received a gift from Okawaru
  7342 | D:8      | Reached skill level 11 in Maces & Flails
  7583 | D:8      | Found an ornate altar of the Wu Jian Council.
  7583 | D:8      | Found an ancient bone altar of Kikubaaqudgha.
  7640 | D:8      | Reached skill level 10 in Armour
  7826 | D:9      | Noticed a two-headed ogre
  7840 | D:9      | Killed a two-headed ogre
  7840 | D:9      | Reached ***** piety under Okawaru
  8056 | D:9      | Received a gift from Okawaru
  8257 | D:9      | Reached skill level 12 in Maces & Flails
  8567 | D:9      | Found a staircase to the Orcish Mines.
  8942 | D:10     | Entered Level 10 of the Dungeon
  8942 | D:10     | Found a portal to a secret trove of treasure.
  8945 | D:10     | Noticed Grum
  8950 | D:10     | Reached XP level 11. HP: 95/96 MP: 10/10
  8956 | D:10     | Killed Grum
  8959 | D:10     | Received a gift from Okawaru
  9033 | D:10     | Noticed a rakshasa
  9056 | D:10     | Killed a rakshasa
  9358 | D:10     | Found a large runed translucent door.
  9358 | D:10     | Found a large runed translucent door.
  9359 | D:10     | Noticed Ijustatesigmund's ghost (novice TeFE)
  9563 | D:10     | Found a staircase to the Lair.
  9843 | D:10     | Received a gift from Okawaru
 10077 | D:10     | Killed Ijustatesigmund's ghost
 10324 | D:11     | Identified the +0 pair of boots "Gapp" {rCorr} (Okawaru
                  | gifted it to you on level 11 of the Dungeon)
 10324 | D:11     | Received a gift from Okawaru
 10431 | D:11     | Reached skill level 13 in Maces & Flails
 10771 | D:11     | Reached skill level 10 in Fighting
 11071 | D:12     | Noticed Fannar
 11083 | D:12     | Slain by Fannar

Illustrated notes

Levels and vault maps discovered:
D:1:      ebering_trefoil_twist, layout_loops_ring, minmay_split_cup_large
D:2:      layout_loops_cross, serial_shops, nicolae_shop_crystal,
          uniq_crazy_yiuf_cottage, uniq_terence, uniq_sigmund
D:3:      layout_rooms, minmay_misc_feat_encased, grunt_ministairs_3,
          uniq_grinder
D:4:      layout_loops_ring, minmay_temple_entry_mist, kennysheep_generic_room_9
D:5:      layout_basic, nrook_pool_corridor, hex_medium, minmay_shop_mayhem,
          roderic_malta_cross, minivault_27, serial_park_tiny_2
D:6:      layout_loops_ring, lemuel_tele_altar, glass_columns_a
D:7:      layout_rooms, nicolae_elyvilon_temple_path,
          chequers_ossuary_entry_cave, uniq_duvessa
D:8:      layout_loops_ring, overflow_temple_1_default,
          gammafunk_temple_overflow_statue, chequers_serial_rivers_micro_b
D:9:      layout_rooms, hiddenorc2_lemuel, serial_bayou, serial_bayou_shore_b,
          serial_bayou_pond_e, serial_bayou_shore_b, serial_bayou_pond_b
D:10:     layout_irregular_city, david_lair_shrubbed,
          ebering_ghost_disaster_area, enter_trove_1, serial_bayou_lagoon_b,
          uniq_grum
D:11:     layout_loops_cross
D:12:     cheibrodos_breeding_chamber, layout_stronghold, zin_academy,
          uniq_josephine, uniq_fannar, uniq_nessos
Temple:   sentei_temple_godly_chess

Skill      XL: |  1  2  3  4  5  6  7  8  9 10 11 |
---------------+----------------------------------+-----
Fighting       | 4 5 6 8 9 10 | 10.3
Armour         | 5 7 9 10 11 | 11.5
Shields        | 4 5 6 7 8 |  8.6
Maces & Flails | 4 5 7 8 10 12 13 | 13.2
Dodging        | 1 2 3 |  3.1
Throwing       | 2 3 4 |  4.4
Stealth        | 1 2 |  2.2
Invocations    | |  0.3

Action                     |  1- 3 |  4- 6 |  7- 9 | 10-12 || total
---------------------------+-------+-------+-------+-------++-------
  Melee: Flail             |    54 |    91 |   325 |   355 ||   825
         Headbutt          |    10 |    12 |    60 |    80 ||   162
  Throw: Dart              |       |       |    28 |    15 ||    43
         Throwing net      |       |       |       |     3 ||     3
 Invoke: Heroism           |       |       |       |     2 ||     2
    Use: Potion            |       |     2 |       |     1 ||     3
   Stab: Held in net/web   |       |       |       |     1 ||     1
 Armour: Scale mail        |    20 |    38 |    95 |       ||   153
         Plate armour      |       |       |    34 |   167 ||   201
  Dodge: Dodged            |    19 |    34 |   113 |   113 ||   279
  Block: Buckler           |    13 |    18 |    70 |    93 ||   194
